Map: Pillars of Gold LE

Players

SKillous

  • Race: Protoss Protoss
  • League: Grandmaster
  • Spawn Location: 1:00

HeroMarine - Winner!

  • Race: Terran Terran
  • League: Master
  • Spawn Location: 7:00

Event: DreamHack SC2 Masters 2020 Fall

VOD

Have the link to the VOD?

Description

Time

  • Played on: Sept. 10, 2020, 3:10 p.m.
  • Length: 12:45

All games in this series

Show
View Real Time Build Order
Export as new Build Order

SKillous Protoss 

Build Orders: 1 Gate Expand, Colossus Rush 

Get SALT Encoding   

  12  0:00  Probe  
  13  0:12  Probe  
  14  0:18  Pylon  
  14  0:24  Probe (Chrono Boost)  
  15  0:36  Probe (Chrono Boost)  
  15  0:37  Gateway  
  16  0:45  Probe (Chrono Boost)  
  16  0:47  Assimilator  
  17  0:51  Probe  
  18  1:03  Probe  
  19  1:15  Probe  
  20  1:25  Cybernetics Core  
  20  1:34  Nexus  
  20  1:39  Probe  
  21  1:44  Pylon  
  21  1:50  Assimilator  
  21  1:52  Probe  
  22  2:01  Adept (Chrono Boost)  
  22  2:04  Probe  
  22  2:05  Warp Gate  
  25  2:16  Probe  
  25  2:22  Stalker  
  26  2:28  Probe  
  29  2:43  Robotics Facility, Probe (Chrono Boost)  
  30  2:46  Probe (Chrono Boost)  
  31  2:53  Sentry  
  31  2:55  Probe (Chrono Boost)  
  31  2:56  Probe (Chrono Boost)  
  35  3:00  Probe (Chrono Boost)  
  35  3:04  Probe (Chrono Boost)  
  37  3:08  Gateway  
  38  3:16  Probe x2 (Chrono Boost)  
  39  3:26  Probe x2 (Chrono Boost)  
  41  3:30  Nexus  
  41  3:32  Observer  
  42  3:34  Probe  
  42  3:37  Probe  
  42  3:40  Shield Battery  
  44  3:48  Gateway, Probe  
  45  3:54  Pylon  
  45  3:57  Probe (Chrono Boost)  
  45  4:05  Probe (Chrono Boost)  
  45  4:06  Observer  
  45  4:08  Probe (Chrono Boost)  
  43  4:13  Probe x2 (Chrono Boost)  
  45  4:17  Robotics Bay  
  45  4:24  Probe (Chrono Boost)  
  46  4:25  Assimilator  
  46  4:27  Observer  
  46  4:30  Probe (Chrono Boost)  
  48  4:33  Probe (Chrono Boost)  
  48  4:35  Pylon  
  50  4:39  Probe (Chrono Boost)  
  50  4:41  Probe (Chrono Boost)  
  50  4:42  Gateway  
  50  4:43  Gateway, Probe (Chrono Boost)  
  52  4:50  Observer  
  56  4:53  Probe x2 (Chrono Boost)  
  56  4:54  Probe (Chrono Boost)  
  58  5:01  Probe (Chrono Boost)  
  58  5:03  Probe (Chrono Boost)  
  58  5:04  Probe (Chrono Boost)  
  59  5:08  Colossus (Chrono Boost)  
  59  5:09  Probe  
  59  5:13  Probe  
  65  5:15  Shield Battery, Stalker x2  
  65  5:20  Probe  
  70  5:22  Shield Battery  
  70  5:27  Probe  
  69  5:36  Probe x2  
  69  5:38  Shield Battery  
  69  5:39  Probe, Stalker x2  
  76  5:48  Probe  
  77  5:53  Probe x2  
  74  6:06  Pylon  
  74  6:09  Assimilator, Pylon  
  74  6:10  Pylon  
  73  6:14  Assimilator  
  73  6:15  Pylon  
  73  6:17  Pylon  
  73  6:24  Probe x3  
  75  6:26  Colossus  
  75  6:32  Sentry  
  81  6:33  Sentry, Stalker  
  81  6:36  Forge, Probe x3  
  81  6:39  Twilight Council  
  88  6:48  Observer, Probe x3  
  88  6:51  Gateway x2  
  88  6:54  Observer  
  91  6:55  Gateway  
  91  6:56  Gateway  
  91  7:00  Probe x3  
  94  7:02  Protoss Ground Weapons Level 1 (Chrono Boost)  
  93  7:13  Probe x3  
  96  7:17  Stalker x4  
  96  7:18  Photon Cannon  
  96  7:20  Shield Battery  
  104  7:25  Probe x3  
  104  7:28  Assimilator  
  107  7:34  Warp Prism (Chrono Boost), Pylon  
  107  7:35  Extended Thermal Lance (Chrono Boost)  
  107  7:38  Pylon  
  109  7:44  Observer  
  109  7:46  Pylon  
  109  7:54  Zealot x4  
  109  7:55  Charge (Chrono Boost)  
  109  7:56  Dark Shrine  
  109  7:58  Zealot x3  
  118  8:03  Probe  
  123  8:16  Probe  
  123  8:18  Stalker  
  123  8:19  Stalker  
  128  8:25  Probe, Pylon  
  129  8:31  Zealot x3  
  129  8:33  Zealot  
  129  8:34  Zealot  
  131  8:51  Zealot x3  
  131  8:54  Probe  
  133  8:56  Stalker x4  
  141  9:03  Probe  
  141  9:08  Probe  
  141  9:09  Blink (Chrono Boost)  
  140  9:13  Pylon  
  139  9:19  Shadow Stride  
  137  9:25  Pylon  
  137  9:29  Pylon  
  133  9:33  Pylon  
  133  9:34  Pylon  
  133  9:37  Protoss Ground Weapons Level 2 (Chrono Boost)  
  133  9:40  Pylon  
  133  9:43  Probe x2  
  141  9:47  Probe  
  141  9:48  Photon Cannon  
  141  9:49  Zealot x3  
  141  9:52  Dark Templar x2  
  152  9:56  Archon  
  152  10:06  Zealot x3  
  119  10:14  Probe  
  119  10:15  Zealot  
  119  10:17  Colossus  
  101  10:24  Zealot x4  
  99  10:29  Probe x2  
  99  10:30  Probe  
  99  10:34  Pylon  
  102  10:41  Probe x2  
  104  10:43  Probe  
  104  10:47  Sentry x2, Pylon  
  109  10:52  Dark Templar  
  109  10:53  Probe  
  109  10:54  Dark Templar  
  109  10:55  Dark Templar  
  116  10:58  Probe  
  116  11:01  Stalker  
  116  11:02  Stalker  
  117  11:11  Zealot x3  
  117  11:16  Probe  
  118  11:20  Probe  
  103  11:27  Zealot x4  
  103  11:29  Zealot  
  98  11:34  Probe  
  93  11:44  Assimilator  
  94  11:47  Stalker x5  
  94  11:48  Stalker  
  94  11:53  Templar Archives  
  105  11:58  Observer  
  105  12:07  Nexus  
  105  12:10  Pylon  
  105  12:13  Disruptor (Chrono Boost), Zealot  
  110  12:29  Zealot x2  
  114  12:30  Zealot x2  
  100  12:37  Zealot x3  
Show
View Real Time Build Order
Export as new Build Order

HeroMarine Terran - Winner!

Build Orders: Reaper Expand 

Get SALT Encoding   

  12  0:00  SCV  
  13  0:12  SCV  
  14  0:17  Supply Depot  
  14  0:24  SCV  
  15  0:39  SCV  
  15  0:40  Barracks  
  16  0:44  Refinery  
  16  0:51  SCV  
  17  1:03  SCV  
  18  1:15  SCV  
  19  1:27  Reaper  
  19  1:28  Orbital Command  
  20  1:45  Command Center  
  20  1:53  SCV  
  21  1:56  Supply Depot  
  21  2:00  Marine  
  22  2:05  SCV  
  23  2:13  Factory  
  23  2:18  SCV  
  23  2:22  Barracks Reactor  
  24  2:25  Bunker  
  24  2:30  SCV  
  25  2:40  Barracks  
  25  2:42  SCV  
  26  2:57  Orbital Command  
  27  3:04  Refinery  
  27  3:06  Hellion  
  27  3:07  Hellion  
  27  3:09  Barracks Tech Lab, SCV  
  31  3:21  SCV  
  31  3:25  SCV  
  33  3:28  Stimpack, Marine  
  33  3:33  SCV  
  35  3:37  SCV  
  35  3:39  Starport  
  36  3:43  Marine x2  
  36  3:46  Marine  
  36  3:47  Factory Reactor, SCV  
  40  3:49  SCV  
  40  3:50  Supply Depot  
  41  3:59  SCV  
  41  4:01  Marine x2  
  41  4:02  SCV  
  45  4:04  Marine  
  42  4:11  SCV  
  42  4:13  Supply Depot  
  42  4:14  SCV  
  43  4:18  Marine  
  43  4:19  Marine  
  43  4:23  Engineering Bay, SCV  
  47  4:26  SCV  
  47  4:27  Medivac, Widow Mine x2  
  53  4:33  Supply Depot  
  53  4:34  Marauder  
  53  4:36  SCV  
  53  4:38  SCV  
  57  4:40  Supply Depot  
  57  4:41  Marine  
  57  4:42  Marine  
  59  4:48  SCV  
  59  4:49  Supply Depot  
  59  4:50  SCV  
  59  4:52  Terran Infantry Weapons Level 1  
  61  4:56  Marauder  
  61  4:59  Marine x2  
  65  5:08  Widow Mine x2  
  65  5:09  Medivac  
  65  5:10  SCV x2  
  73  5:15  Refinery  
  73  5:16  Supply Depot  
  73  5:20  Marine x3  
  76  5:25  SCV x2  
  76  5:27  Barracks  
  78  5:29  Supply Depot  
  76  5:37  SCV x2  
  76  5:38  Marine x3  
  81  5:44  Combat Shield  
  81  5:47  Factory Tech Lab  
  81  5:49  Refinery  
  81  5:52  SCV x2  
  81  5:56  Marine x3  
  78  6:06  SCV  
  78  6:07  SCV  
  78  6:10  Command Center  
  70  6:11  Siege Tank  
  70  6:17  Barracks Tech Lab, Marauder  
  70  6:18  Marine  
  76  6:21  Medivac  
  76  6:33  SCV x2  
  76  6:38  Marauder, Marine x2  
  76  6:39  Marauder  
  82  6:42  Barracks x2, Concussive Shells  
  82  6:45  Siege Tank  
  85  6:48  SCV, Supply Depot  
  85  6:49  SCV  
  85  6:51  Terran Infantry Armor Level 1  
  87  6:58  Marine x2  
  87  7:00  Marauder x2  
  93  7:07  Medivac  
  95  7:09  SCV  
  95  7:10  SCV  
  95  7:15  Medivac  
  95  7:17  Siege Tank  
  95  7:22  SCV x2  
  102  7:23  Marauder  
  102  7:24  Marauder, Marine x2  
  102  7:27  Supply Depot  
  108  7:31  Barracks Tech Lab, Barracks Reactor  
  108  7:34  SCV x2  
  108  7:42  Refinery  
  108  7:45  Marauder x2  
  108  7:46  SCV x2  
  108  7:47  Refinery  
  108  7:48  Orbital Command  
  114  7:55  Marauder  
  114  7:58  SCV x2  
  118  8:00  Viking x2  
  118  8:02  Armory, Marine x2  
  124  8:06  Marauder, Supply Depot  
  124  8:10  SCV x2  
  130  8:13  Marauder  
  130  8:17  Marauder  
  130  8:18  SCV  
  130  8:19  Supply Depot  
  133  8:24  SCV  
  133  8:25  Supply Depot  
  133  8:27  Siege Tank, SCV  
  137  8:34  Marine x2  
  137  8:35  Marauder x2  
  137  8:36  SCV  
  137  8:39  SCV  
  137  8:41  Marauder  
  145  8:42  Orbital Command, Marine x2  
  146  8:52  Marine x2  
  148  8:56  Marauder, Marine  
  148  9:01  Terran Infantry Weapons Level 2  
  151  9:04  Ghost Academy  
  151  9:07  Marauder  
  153  9:12  Marine x2  
  153  9:14  Viking  
  157  9:22  Missile Turret  
  159  9:27  Marauder  
  159  9:28  Supply Depot x2  
  156  9:32  Marauder x2  
  156  9:38  Refinery, Marine x2  
  160  9:39  Bunker, Marine x2  
  160  9:43  Missile Turret  
  164  9:46  Medivac  
  164  9:48  Medivac  
  164  9:49  Starport  
  165  9:53  Terran Ship Weapons Level 1, Enhanced Shockwaves  
  165  10:02  Factory Reactor  
  165  10:03  Marauder x2  
  165  10:06  Marauder  
  157  10:07  Marine x2  
  157  10:08  Marine  
  157  10:09  Marine  
  143  10:17  Medivac  
  130  10:25  Marauder x2, Marine x3  
  130  10:27  Marauder, Marine  
  140  10:32  Medivac  
  142  10:43  Marine x3  
  142  10:46  Marauder x2  
  142  10:49  Marauder, Marine  
  151  10:53  Viking x3  
  158  11:01  Marine  
  158  11:02  Viking  
  158  11:04  Marine x2  
  163  11:07  Marauder  
  163  11:08  Marauder  
  163  11:09  Ghost  
  167  11:12  Marine  
  165  11:18  Marine  
  165  11:19  SCV  
  165  11:20  SCV  
  157  11:26  Marine  
  157  11:27  Marine  
  157  11:29  Viking x2, Marauder x2  
  157  11:30  Marine  
  159  11:36  Marine  
  159  11:38  Marauder  
  147  11:40  Medivac x2  
  147  11:41  Engineering Bay  
  147  11:44  Marine  
  150  11:49  Ghost x2  
  150  11:52  Marine  
  150  11:53  Marine  
  156  11:59  Ghost  
  156  12:00  Marine  
  159  12:02  Marine  
  160  12:09  Viking x2  
  164  12:17  Marine x2  
  164  12:19  Marauder x2, Supply Depot  

Tags
 
Add a new tag
Caveats
  • Supply blocks, unpowered buildings, or Contaminate may cause inaccurate times.
  • Supply counts are checked every 10 seconds.